 Dungeon Crawl Stone Soup version 0.30-a0-748-ge6a52f7cba (webtiles) character file.

Game seed: 10799341137370603966

205 retardedninja the Covered (level 5, -4/41 HPs)
             Began as a Gnoll Wanderer on Feb 8, 2023.
             Was an Initiate of Qazlal.
             Killed from afar by an orc wizard (5 damage)
             ... with a puff of flame
             ... on level 3 of the Dungeon.
             The game lasted 00:03:40 (2404 turns).

retardedninja the Covered (Gnoll Wanderer)          Turns: 2404, Time: 00:03:40

Health: -4/41      AC: 12    Str: 13    XL:     5   Next: 83%
Magic:  9/9        EV:  5    Int: 14    God:    Qazlal [......]
Gold:   42         SH:  0    Dex:  9    Spells: 9/10 levels left

rFire   . . .      SeeInvis .    a - +0 falchion
rCold   . . .      Faith    .    l - +0 kite shield
rNeg    . . .      Spirit   .    n - +0 chain mail
rPois   .          Reflect  .    u - +1 helmet
rElec   .          Harm     .    (no cloak)
rCorr   .          Rampage  .    (no gloves)
Will    .....                    (no boots) Stlth
                                 (no amulet)
HPRegen 0.26/turn                e - ring of flight
MPRegen 0.11/turn                (no ring)

@: confused, flying, hasted, invisible, very quick
A: fangs 1, strong nose, distributed training
a: Renounce Religion


You were on level 3 of the Dungeon.
You worshipped Qazlal.
Qazlal was noncommittal.
You visited 1 branch of the dungeon, and saw 3 of its levels.

You collected 42 gold pieces.

Inventory:

Hand Weapons
 a - a +0 falchion (weapon)
Armour
 l - a +0 kite shield (worn)
 n - a +0 chain mail (worn)
 u - a +1 helmet (worn)
Jewellery
 e - a ring of flight (left hand)
Wands
 q - a wand of charming (9)
 s - a wand of flame (46)
Scrolls
 c - 2 scrolls of blinking
 d - 6 scrolls of identify {unknown}
 h - 2 scrolls of teleportation {unknown}
 j - 3 scrolls of torment {unknown}
 k - a scroll of silence {unknown}
 r - a scroll of enchant weapon {unknown}
 t - a scroll of poison {unknown}
 v - a scroll of fear {unknown}
 w - a scroll of noise {unknown}
Potions
 b - a potion of degeneration {unknown}
 f - a potion of haste
 g - a potion of heal wounds {unknown}
 i - 2 potions of magic
 o - a potion of invisibility
 p - a potion of flight {unknown}


   Skills:
 + Level 3.1 Fighting
 + Level 1.7 Short Blades
 + Level 3.1 Long Blades
 + Level 1.7 Axes
 + Level 1.7 Maces & Flails
 + Level 1.7 Polearms
 + Level 1.7 Staves
 + Level 1.7 Ranged Weapons
 + Level 1.7 Throwing
 + Level 6.7 Armour
 + Level 3.1 Dodging
 + Level 1.7 Stealth
 + Level 1.7 Shields
 + Level 1.7 Unarmed Combat
 + Level 3.3 Spellcasting
 + Level 1.3 Conjurations
 + Level 1.3 Hexes
 + Level 1.3 Summonings
 + Level 1.3 Necromancy
 + Level 1.3 Translocations
 + Level 5.6 Transmutations
 + Level 1.3 Fire Magic
 + Level 1.3 Ice Magic
 + Level 1.3 Air Magic
 + Level 1.3 Earth Magic
 + Level 1.3 Poison Magic
 + Level 2.0 Invocations
 + Level 1.7 Evocations


You had 9 spell levels left.
You knew the following spells:

 Your Spells              Type           Power      Damage    Failure   Level
a - Sting                 Tmut/Pois      48%        1d5       98%         1

Your spell library contained the following spells:

 Spells                   Type           Power      Damage    Failure   Level
 Passwall                 Tmut/Erth      10%        N/A       99%         2
 Stone Arrow              Conj/Erth      12%        3d7       100%        3
 Animate Armour           Summ/Erth      12%        N/A       100%        4
 Olgreb's Toxic Radiance  Pois           6%         N/A       100%        4
 Petrify                  Tmut/Erth      12%        N/A       100%        4
 Ozocubu's Refrigeration  Ice            3%         4d8       100%        7
 Ignition                 Fire           3%         3d4       100%        8
 Lehudib's Crystal Spear  Conj/Erth      3%         10d2      100%        8


Dungeon Overview and Level Annotations

Branches:
Dungeon (3/15)

Altars:
Makhleb
Qazlal
Vehumet
Yredelemnul

Shops:
D:2 (


Innate Abilities, Weirdness & Mutations

You have very sharp teeth.
Your uncanny sense of smell can sniff out nearby items.
Your experience applies equally to all skills.


Message History

Something hits you but does no damage.
You barely miss something. The orc hits you but does no damage.
Something hits you but does no damage.
You barely miss something. The orc hits you but does no damage.
Something hits you but does no damage.
You miss something. You bite something. You miss something.
You hear some strange, mumbled words.
Something tries to affect you, but you resist.
The orc hits you but does no damage.
You closely miss something. You block the orc's attack.
Something hits you but does no damage.
You miss something. You block the orc's attack.
Something hits you but does no damage.
You hit something. The orc hits you but does no damage.
You hear some strange, mumbled words.
You are confused.
You barely miss something. The orc hits you but does no damage.
You hear some strange, mumbled words.
Something tries to affect you, but you resist.
You closely miss something. You hit the orc but do no damage.
Something hits you.
* * * LOW HITPOINT WARNING * * *
The orc barely misses you.
You barely miss something. The orc barely misses you.
You hear some strange, mumbled words.
You are more confused.
You completely miss something. Your bite misses something.
The orc hits you with a +0 hand axe.
* * * LOW HITPOINT WARNING * * *
You hear some strange, mumbled words.
You are more confused.
It was a potion of invisibility.
You fade into invisibility!
The orc hits you with a +0 hand axe.
* * * LOW HITPOINT WARNING * * *
You hear some strange, mumbled words.
A puff of flame appears from out of thin air!
The puff of flame hits you.
You die...

#.# . #.# . #.# . ... .
#.# . .##.###.####### .
>.............. .
#######o################
#@{.............#
###############.# #.#
#.# #.# #.# #.# #.# #.#


You could see an orc (unable to see you).

Vanquished Creatures
  A crimson imp (D:3)
  Terence (D:3)
  An orc wizard (D:3)
  A scorpion zombie (D:3)
  4 adders (D:2)
  An adder zombie (D:3)
  A worm (D:3)
  A dart slug (D:2)
  2 orcs (D:3)
  3 endoplasms
  3 giant cockroaches
  2 goblins
  4 hobgoblins
  2 jackals (D:3)
  2 kobolds
  5 quokkas
  6 ball pythons
  2 ball python zombies (D:3)
  5 bats
  3 frilled lizards
  5 rats
55 creatures vanquished.

Notes
Turn   | Place    | Note
-------+----------+-------------------------------------------
     0 | D:1      | retardedninja the Gnoll Wanderer began the quest for the
                  | Orb.
     0 | D:1      | retardedninja set off with the following items: a +0
                  | falchion, a +0 scale mail, a scroll of blinking; and the
                  | following spell memorised: Sting; and the following spells
                  | available to memorise: Passwall, Petrify.
     0 | D:1      | Reached XP level 1. HP: 17/17 MP: 4/4
   326 | D:1      | Reached XP level 2. HP: 23/23 MP: 5/5
   939 | D:2      | Found a stormy altar of Qazlal.
   973 | D:2      | Reached XP level 3. HP: 28/28 MP: 7/7
  1016 | D:2      | Became a worshipper of Qazlal Stormbringer
  1045 | D:2      | Found Kaacy's Antique Weapon Shoppe.
  1090 | D:2      | Reached skill level 1 in Invocations
  1116 | D:2      | Reached skill level 1 in Short Blades
  1116 | D:2      | Reached skill level 1 in Axes
  1116 | D:2      | Reached skill level 1 in Maces & Flails
  1116 | D:2      | Reached skill level 1 in Polearms
  1116 | D:2      | Reached skill level 1 in Staves
  1116 | D:2      | Reached skill level 1 in Ranged Weapons
  1116 | D:2      | Reached skill level 1 in Throwing
  1116 | D:2      | Reached skill level 1 in Stealth
  1116 | D:2      | Reached skill level 1 in Shields
  1116 | D:2      | Reached skill level 1 in Unarmed Combat
  1116 | D:2      | Reached skill level 1 in Evocations
  1298 | D:2      | Reached XP level 4. HP: 29/34 MP: 8/8
  1649 | D:3      | Found a burning altar of Makhleb.
  1649 | D:3      | Found a radiant altar of Vehumet.
  1698 | D:3      | Reached skill level 1 in Conjurations
  1698 | D:3      | Reached skill level 1 in Hexes
  1698 | D:3      | Reached skill level 1 in Summonings
  1698 | D:3      | Reached skill level 1 in Necromancy
  1698 | D:3      | Reached skill level 1 in Translocations
  1698 | D:3      | Reached skill level 1 in Fire Magic
  1698 | D:3      | Reached skill level 1 in Ice Magic
  1698 | D:3      | Reached skill level 1 in Air Magic
  1698 | D:3      | Reached skill level 1 in Earth Magic
  1698 | D:3      | Reached skill level 1 in Poison Magic
  1839 | D:3      | Found a basalt altar of Yredelemnul.
  1873 | D:3      | Reached XP level 5. HP: 39/40 MP: 9/9
  2070 | D:3      | Found a faded altar of an unknown god.
  2074 | D:3      | Noticed Terence
  2109 | D:3      | Killed Terence
  2404 | D:3      | HP: 1/41 [orc/+0 hand axe (6)]
  2404 | D:3      | Killed from afar by an orc wizard

Illustrated notes

Levels and vault maps discovered:
D:1:      amcnicky_arrival_underground_garden, layout_rooms,
          kennysheep_small_spiral
D:2:      layout_loops_ring, serial_shops, nicolae_shop_stone, basic_altar
D:3:      layout_basic, chequers_temple_overflow_statue_of_worship,
          nicolae_yredelemnul_corpse_copse,
          grunt_temple_overflow_lords_of_destruction,
          nicolae_ecumenical_oubliette, uniq_terence

Skill      XL: |  1  2  3  4  5 |
---------------+----------------+-----
Invocations    | 1 2 |  2.0
Short Blades   | 1 |  1.7
Axes           | 1 |  1.7
Maces & Flails | 1 |  1.7
Polearms       | 1 |  1.7
Staves         | 1 |  1.7
Ranged Weapons | 1 |  1.7
Throwing       | 1 |  1.7
Stealth        | 1 |  1.7
Shields        | 1 |  1.7
Unarmed Combat | 1 |  1.7
Evocations     | 1 |  1.7
Spellcasting   | 3 |  3.3
Conjurations   | 1 |  1.3
Hexes          | 1 |  1.3
Summonings     | 1 |  1.3
Necromancy     | 1 |  1.3
Translocations | 1 |  1.3
Fire Magic     | 1 |  1.3
Ice Magic      | 1 |  1.3
Air Magic      | 1 |  1.3
Earth Magic    | 1 |  1.3
Poison Magic   | 1 |  1.3
Fighting       | 3 |  3.1
Long Blades    | 3 |  3.1
Dodging        | 3 |  3.1
Armour         | |  6.7
Transmutations | |  5.6

Action                     |  1- 3 |  4- 6 || total
---------------------------+-------+-------++-------
  Melee: Falchion          |   170 |   237 ||   407
         Bite              |    11 |    20 ||    31
         Punch             |     1 |       ||     1
    Use: Potion            |       |     7 ||     7
 Armour: Scale mail        |    42 |       ||    42
         Chain mail        |   110 |   204 ||   314
  Dodge: Dodged            |    95 |    64 ||   159
  Block: Kite shield       |    52 |    87 ||   139

Table legend: (Time is in decaauts)
 A = Elapsed time spent in this place.
 B = Non-inter-level travel time spent in this place.
 C = Inter-level travel time spent in this place.
 D = Time resting spent in this place.
 E = Time spent auto-exploring this place.
 F = Levels seen in this place.
 G = Mean time per level.
                   A        B        C        D        E       F      G
               +--------+--------+--------+--------+--------+-----+--------+
         Total |   2513 |   2470 |     43 |    359 |   1302 |   3 |  837.7 |
       Dungeon |   2513 |   2470 |     43 |    359 |   1302 |   3 |  837.7 |
               +--------+--------+--------+--------+--------+-----+--------+

Top non-repeatable levels by time:
     D:2: 932 daAuts
     D:3: 829 daAuts
     D:1: 751 daAuts
